 Dungeon Crawl Stone Soup version 0.27.0-1-g7a089689b8 (webtiles) character file.

Game seed: 10620717996521619898

25 SnakkuSnakku7 the Chopper (level 2, -4/23 HPs)
             Began as a Palentonga Chaos Knight on Aug 4, 2021.
             Was a Plaything of Xom.
             Slain by a swamp dragon (glowing shapeshifter) (15 damage)
             ... on level 1 of the Dungeon.
             The game lasted 00:01:16 (766 turns).

SnakkuSnakku7 the Chopper (Palentonga Chaos Knight)  Turns: 766, Time: 00:01:19

Health: -4/23      AC:  6    Str: 13    XL:     2   Next: 86%
Magic:  2/2        EV:  9    Int: 12    God:    Xom [*.....]
Gold:   30         SH:  0    Dex:  9    Spells: 1/1 levels left

rFire    . . .     SeeInvis +   a - +0 hand axe (chaos)
rCold    . . .     Faith    .   (no shield)
rNeg     . . .     Spirit   .   b - +2 leather armour
rPois    .         Reflect  .   (no helmet)
rElec    .         Harm     .   (no cloak)
rCorr    .         Rampage  .   (no gloves)
Will     .....                  (no barding)
Stlth    +.........             (no amulet)
HPRegen  1.07/turn              (no ring)
MPRegen  0.08/turn              (no ring)

@: no status effects
A: large, rugged brown scales 3, see invisible, deformed body, roll 1, armoured
tail, frail 1, regeneration 1, weak 1
a: Rolling Charge, Renounce Religion


You were on level 1 of the Dungeon.
You worshipped Xom.
You were a special plaything of Xom.
You visited 1 branch of the dungeon, and saw 1 of its levels.

You collected 30 gold pieces.

Inventory:

Hand Weapons
 a - a +0 hand axe of chaos (weapon)
Armour
 b - a +2 leather armour (worn)
Scrolls
 c - 2 scrolls of magic mapping {unknown}
 e - a scroll of teleportation {unknown}
Potions
 d - a potion of flight {unknown}
 f - a potion of curing {unknown}


   Skills:
 - Level 3.0 Fighting
 + Level 4.1 Axes
 - Level 1.5 Armour
 - Level 0.7 Dodging


You had one spell level left.
You didn't know any spells.
Your spell library was empty.

Dungeon Overview and Level Annotations

Branches:
Dungeon (1/15)

Altars:


Innate Abilities, Weirdness & Mutations

You are completely covered in rugged brown scales. (AC +3, +7% HP)
You have supernaturally acute eyesight. (SInv)
Armour fits poorly on your strangely shaped body.
You can roll at nearby foes to attack.
You have a long armoured tail.
You are frail. (-10% HP)
Your natural rate of healing is unusually fast.
You are weak. (Str -2)


Message History

Found a dagger.
You hit the bat but do no damage.
Your tail-slap misses the bat.
The bat hits you but does no damage.
You hit the bat. Lightning courses through the bat!!
You kill the bat!
No target in view!
No target in view!
Found 23 stones.
f - a ruby potion
Found 21 sling bullets, 25 bolts and a spear.
A kobold comes into view. It is wielding a +0 short sword.
The kobold shouts!
A kobold is nearby!
A kobold is nearby!
A kobold comes into view. It is wielding a +0 dagger.
The kobold shouts!
The kobold hits you but does no damage.
You closely miss the kobold. You tail-slap the kobold.
The kobold is severely wounded.
The kobold throws a stone.
The stone hits you. The kobold hits you but does no damage.
You hit the kobold.
You kill the kobold!
The kobold throws a stone.
The stone hits you but does no damage. The kobold hits you but does no damage.
You see here 25 bolts.
You hit the kobold.
The kobold changes into a glowing shapeshifter!
Xom thinks this is hilarious!
The glowing shapeshifter changes into a swamp dragon!
You hit the swamp dragon but do no damage.
You hit the swamp dragon but do no damage.
Lightning courses through the swamp dragon!!
The swamp dragon is moderately wounded.
The swamp dragon bites you. The swamp dragon claws you.
The swamp dragon tramples you!
You stumble backwards!
The swamp dragon bites you!
Ouch! That really hurt!
You die...
Xom howls with laughter!

............)## #.# #.# ##
######.####### #.# #..###. #.#
###.### #...# #.# #.....#
#####.## ##'## ##.#.#.# #....)..
##...## #....#.# #.###.##
##.....## #..###.# # ##.##
##.......## ##.(....# #. #..##
##.........####)@.########.##...#
.'.........+....D................
##.........##)..).########.......
##.......###.##..# ####..##
##.....## #. #... #.## ##...## #
#..## #.# ##+## #..# #.## ##.##
#..# ####..## ## #... #..#
#.......


You could see a swamp dragon shaped shifter.

Vanquished Creatures
  2 endoplasms (D:1)
  A giant cockroach (D:1)
  4 hobgoblins (D:1)
  5 jackals (D:1)
  A quokka (D:1)
  A ball python (D:1)
  4 bats (D:1)
  2 kobolds (D:1)
  A rat (D:1)
21 creatures vanquished.

Notes
Turn   | Place    | Note
-------+----------+-------------------------------------------
     0 | D:1      | SnakkuSnakku7 the Palentonga Chaos Knight began the quest
                  | for the Orb.
     0 | D:1      | Reached XP level 1. HP: 19/19 MP: 1/1
    37 | D:1      | XOM: potion effect (invisibility)
   219 | D:1      | Reached XP level 2. HP: 24/25 MP: 2/2
   549 | D:1      | Reached skill level 4 in Axes
   624 | D:1      | XOM: give mutations
   624 | D:1      | Gained mutation: You are frail. (-10% HP) [Xom's mischief]
   624 | D:1      | Gained mutation: You are weak. (Str -2) [Xom's mischief]
   624 | D:1      | Gained mutation: Your natural rate of healing is unusually
                  | fast. [Xom's mischief]
   764 | D:1      | Noticed a glowing shapeshifter
   764 | D:1      | a kobold changed into a glowing shapeshifter
   764 | D:1      | Noticed a swamp dragon
   764 | D:1      | a glowing shapeshifter changed into a swamp dragon
   766 | D:1      | Slain by a swamp dragon (glowing shapeshifter)

Illustrated notes

Levels and vault maps discovered:
D:1:      wander_arrival_chamber, layout_loops_corners, chequers_arboretum

Skill      XL: |  1  2 |
---------------+-------+-----
Axes           | 4 |  4.1
Fighting       | |  3.0
Armour         | |  1.5
Dodging        | |  0.7

Action                   || total
-------------------------++-------
Melee: Hand axe          ||    59
       Tailslap          ||     4
 Stab: Invisible         ||     3
Armor: Leather armour    ||    40
Dodge: Dodged            ||    47
